 Dungeon Crawl Stone Soup version 0.22.0-49-gab54619 (webtiles) character file.

374 calake the Archer (level 6, -3/51 HPs)
             Began as a Centaur Hunter on Sept 8, 2018.
             Slain by an orc
             ... wielding a +0 flail
              (10 damage)
             ... on level 3 of the Dungeon.
             The game lasted 00:20:41 (3660 turns).

calake the Archer (Centaur Hunter)                  Turns: 3660, Time: 00:20:42

Health: -3/51      AC:  5    Str: 15    XL:     6   Next: 43%
Magic:  6/6        EV: 10    Int: 10    God:
Gold:   79         SH:  0    Dex: 11    Spells: 5/5 levels left

rFire    . . .     SeeInvis .   q - +1 trident (venom)
rCold    . . .     Gourm    .   (no shield)
rNeg     . . .     Faith    .   r - +0 animal skin
rPois    .         Spirit   .   s - +0 helmet
rElec    .         Reflect  .   (no cloak)
rCorr    .         Harm     .   (no gloves)
MR       .....                  (no barding)
Stlth    +.........             (no amulet)
HPRegen  0.17/turn              (no ring)
MPRegen  0.10/turn              (no ring)

@: very quick
A: large, hooves 3, deformed body, speed 2, tough skin 3
a: no special abilities


You were on level 3 of the Dungeon.
You were not hungry.

You visited 1 branch of the dungeon, and saw 3 of its levels.

You collected 79 gold pieces.

Inventory:

Hand Weapons
 a - a +1 shortbow
 q - a +1 trident of venom (weapon)
Armour
 p - a +0 ring mail
 r - a +0 animal skin (worn)
 s - a +0 helmet (worn)
Magical Staves
 e - an uncursed staff of energy {unknown}
Jewellery
 k - a +4 amulet of reflection
Scrolls
 c - a scroll of enchant armour {unknown}
 g - 6 scrolls of identify
 j - 2 scrolls of immolation {unknown}
 m - a scroll of enchant weapon {unknown}
 n - a scroll of teleportation
Potions
 h - a potion of magic {unknown}
 i - a potion of curing {unknown}
 o - a potion of ambrosia
Comestibles
 f - 2 rations


   Skills:
 + Level 3.5 Fighting
 + Level 9.0 Bows
 - Level 1.4 Armour
 - Level 1.3 Dodging
 - Level 0.4 Stealth


You had 5 spell levels left.
You didn't know any spells.
Your spell library was empty.

Dungeon Overview and Level Annotations

Branches:
Dungeon (3/15)

Altars:
Ashenzari

Annotations:
D:2 Ijyb
D:3 2 runed doors, feelmyfire's ghost, weakling HOAK


Innate Abilities, Weirdness & Mutations

You have hooves in place of feet.
Armour fits poorly on your strangely shaped body.
You cover ground very quickly.
You have extremely tough skin. (AC +3)


Message History

You see here a stone.
The goblin shoots a stone.
The stone hits you but does no damage.
You see here a stone.
The orc barely misses you.
You closely miss the orc. You kick the orc.
The orc is lightly wounded.
The orc hits you but does no damage. The orc hits you with a flail.
* * * LOW HITPOINT WARNING * * *
The goblin closely misses you.
You hit the orc but do no damage. You kick the orc.
The orc is severely wounded.
The orc closely misses you. The orc barely misses you.
The goblin closely misses you. The orc barely misses you.
You hit the orc but do no damage.
The orc is severely wounded.
The goblin closely misses you. The orc barely misses you. x2
You barely miss the orc.
The orc is severely wounded.
The goblin closely misses you. The orc hits you with a flail!
You die...

######## #.......
#########.######
#...............
########.#######)######
####........####..........
#.......o@(<..).....#####.
#.##.####go#####.#### ##
#.#...###..# #.# #
#......##..# #.# #
######.......#..# #.#####
# ...).........).)#
#.....# #
.####........##.#
#####.##### #.#.....###)#
#.......[) #.#....## #.#
#.##.#####


You could see 2 orcs and a goblin.

Vanquished Creatures
  Grinder (D:3)
  An orc priest (D:3)
  Robin (D:2)
  4 adders
  A worm (D:2)
  A dart slug (D:1)
  A leopard gecko (D:3)
  9 orcs
  2 ball pythons (D:1)
  14 goblins
  9 hobgoblins
  3 jackals
  6 kobolds
  5 bats
  A leopard gecko skeleton (D:3)
  4 rats
63 creatures vanquished.

Notes
Turn   | Place    | Note
-------+----------+-------------------------------------------
     0 | D:1      | calake the Centaur Hunter began the quest for the Orb.
     0 | D:1      | Reached XP level 1. HP: 17/17 MP: 1/1
   244 | D:1      | Reached XP level 2. HP: 22/24 MP: 2/2
   347 | D:1      | Reached skill level 6 in Bows
  1108 | D:2      | Reached XP level 3. HP: 25/29 MP: 3/3
  1489 | D:3      | Found a shattered altar of Ashenzari.
  1491 | D:3      | Noticed Grinder
  1519 | D:2      | Reached skill level 7 in Bows
  1596 | D:3      | Paralysed by Grinder for 2 turns
  1599 | D:2      | Reached XP level 4. HP: 23/37 MP: 4/4
  1742 | D:3      | Killed Grinder
  1742 | D:3      | Reached skill level 8 in Bows
  1742 | D:3      | Reached skill level 1 in Armour
  1742 | D:3      | Reached XP level 5. HP: 35/45 MP: 5/5
  1742 | D:3      | Reached XP level 6. HP: 39/51 MP: 6/6
  1750 | D:3      | Noticed Ijyb
  2463 | D:3      | Found a large runed door.
  2463 | D:3      | Found a large runed door.
  2499 | D:3      | Noticed Robin
  2515 | D:3      | Noticed feelmyfire's ghost (weakling HOAK)
  2809 | D:2      | Killed Robin
  2818 | D:2      | Reached skill level 9 in Bows
  3660 | D:3      | Slain by an orc

Skill      XL: |  1  2  3  4  5  6 |
---------------+-------------------+-----
Bows           | 6 7 8 9 |  9.0
Fighting       | 3 |  3.5
Armour         | 1 |  1.4
Dodging        | |  1.3
Stealth        | |  0.4

Action                   |  1- 3 |  4- 6 || total
-------------------------+-------+-------++-------
Melee: Short sword       |       |    52 ||    52
       Kick              |       |    19 ||    19
       Trident           |       |    15 ||    15
       Shortbow          |       |     1 ||     1
 Fire: Shortbow          |   113 |    58 ||   171
  Use: Scroll            |     3 |     1 ||     4
  Eat: Ration            |     1 |     1 ||     2
Armor: Leather armour    |    11 |     2 ||    13
       Ring mail         |    23 |    20 ||    43
       Animal skin       |       |     5 ||     5
Dodge: Dodged            |    50 |    50 ||   100
